 Dungeon Crawl Stone Soup version 0.31-a0-221-gbddc013574 (webtiles) character file.

Game seed: 14637921074472959834

476 qw the Chopper (level 7, -1/43 HPs)
             Began as a Gargoyle Fighter on July 4, 2023.
             Slain by a gnoll
             ... wielding a +0 flail
             ... led by a gnoll bouda
              (6 damage)
             ... on level 5 of the Dungeon.
             The game lasted 00:01:42 (3362 turns).

qw the Chopper (Gargoyle Fighter)                   Turns: 3362, Time: 00:01:42

Health: -1/43      AC: 13    Str: 22    XL:     7   Next: 10%
Magic:  0/7        EV:  9    Int:  8    God:
Gold:   280        SH:  4    Dex:  9    Spells: 6/6 levels left

rFire   . . .        Y - +2 war axe
rCold   . . .        c - +0 buckler
rNeg    + . .        b - +0 scale mail
rPois   inf          e - +0 helmet
rElec   +            f - +0 cloak
rCorr   .            (no gloves)
SInv    .            (no boots)
Will    .....        l - amulet of guardian spirit Stlth
                     (no ring)
HPRegen 0.27/turn    (no ring)
MPRegen 0.10/turn

%: guardian spirit
@: about to teleport
A: sickness immunity, AC +4, negative energy resistance 1, electricity
resistance, torment resistance 1, petrification resistance
a: no special abilities


You were on level 5 of the Dungeon.
You visited 1 branch of the dungeon, and saw 5 of its levels.

You collected 280 gold pieces.


Innate Abilities, Weirdness & Mutations

You are immune to sickness and miasma.
Your stone body is resilient. (AC +4)
You are immune to poison.
You resist negative energy. (rN+)
You are resistant to electric shocks. (rElec)
You are resistant to unholy torment.
You are immune to petrification.


   Skills:
 - Level 4.0 Fighting
 + Level 6.3 Axes
 - Level 3.2 Armour
 - Level 1.0 Dodging
 - Level 3.2 Shields


You had 6 spell levels left.
You didn't know any spells.
Your spell library was empty.

Inventory:

Hand Weapons
 g - a +0 flail
 Y - a +2 war axe (weapon)
Armour
 b - a +0 scale mail (worn)
 c - a +0 buckler (worn)
 e - a +0 helmet (worn)
 f - a +0 cloak (worn)
Jewellery
 l - an amulet of guardian spirit (around neck)
Potions
 a - a potion of heal wounds {unknown}
 d - 2 potions of might
 h - a potion of magic
 i - a potion of invisibility {unknown}
 j - a potion of lignification {unknown}
 k - a potion of resistance

Dungeon Overview and Level Annotations

Branches:
Dungeon (5/15)
 Temple: D:4-7

Altars:

Shops:
D:3 =


Message History

The gnoll bouda misses you.
You hit the gnoll bouda.
The gnoll bouda is lightly wounded.
You hit the gnoll. x2
The gnoll hits you but does no damage. The gnoll closely misses you.
The gnoll bouda hits you with a +0 club.
You hit the gnoll bouda.
The gnoll bouda is heavily wounded.
You completely miss the gnoll. You barely miss the gnoll.
The gnoll hits you with a +0 flail! You block the gnoll's attack.
The gnoll bouda hits you but does no damage.
The gnoll hits you but does no damage.
You hit the gnoll bouda.
The gnoll bouda is severely wounded.
You barely miss the gnoll. You hit the gnoll.
The gnoll hits you with a +0 flail. The gnoll bouda barely misses you.
The gnoll hits you with a +0 flail. x2
You hit the gnoll bouda.
The gnoll bouda is almost dead.
You hit the gnoll but do no damage. x2
The gnoll bouda hits you with a +0 club!
The gnoll misses you. The gnoll hits you but does no damage.
You hit the gnoll bouda.
You kill the gnoll bouda!
You hit the gnoll. You completely miss the gnoll.
The gnoll hits you with a +0 flail. x2
3360 ||| READING scroll of teleportation.
As you read the scroll of teleportation, it crumbles to dust.
You feel strangely unstable. The gnoll hits you with a +0 flail.
The gnoll closely misses you.
You slash the gnoll!
The gnoll is almost dead.
You hit the gnoll but do no damage.
Your attacks no longer feel as feeble.
The gnoll closely misses you. The gnoll barely misses you.
You slash the gnoll!
You kill the gnoll!
You hit the gnoll. The gnoll hits you with a +0 flail.
The gnoll hits you with a +0 flail!
You die...

#.# #.# ## #.# .# #
#####.### .#.# #.......#
.#.# #.###.#.# ...
#.##..#.# ##.##
#.#...#.#########g..####
................@).....+
#.#...#.#########)..####
#.......# ##.##
####.#### .# #... .#
....# .# .###.# g# .# g#


You could see a gnoll (swift).

Vanquished Creatures
  A sky beast (D:4)
  A hound (D:4)
  An orc priest (D:4)
  A gnoll bouda (D:5)
  An iguana (D:4)
  An orc wizard (D:3)
  6 gnolls
  13 adders
  A worm (D:3)
  A dart slug (D:1)
  13 orcs
  9 ball pythons
  2 endoplasms (D:4)
  2 goblins
  4 hobgoblins
  3 jackals
  2 quokkas
  5 bats
  3 frilled lizards
  5 kobolds
  7 rats
82 creatures vanquished.

Notes
Turn   | Place    | Note
-------+----------+-------------------------------------------
     0 | D:1      | qw the Gargoyle Fighter began the quest for the Orb.
     0 | D:1      | Reached XP level 1. HP: 14/14 MP: 1/1
     0 | D:1      | 0 ||| qw: Version: 0.3-a-40-ge99b1a8
     0 | D:1      | 0 ||| qw: Game counter: 649
     0 | D:1      | 0 ||| qw: Melee chars always use a shield: true
     0 | D:1      | 0 ||| qw: God list: Okawaru
     0 | D:1      | 0 ||| qw: Allow faded altars: false
     0 | D:1      | 0 ||| qw: Do Orc after clearing Dungeon:15 true
     0 | D:1      | 0 ||| qw: Do second Lair branch before Depths: true
     0 | D:1      | 0 ||| qw: Lair rune preference: random
     0 | D:1      | 0 ||| qw: Goals: Normal, Zot:1-4, Slime:5, God:TSO, Crypt,
                  | Tomb, Abyss, Pan, Hells, Win
     0 | D:1      | 0 ||| PLANNING D:1-11
    83 | D:1      | Reached skill level 2 in Axes
   126 | D:1      | Reached XP level 2. HP: 19/19 MP: 2/2
   132 | D:1      | 132 ||| Stepping ~*~*~tactically~*~*~ (hiding).
   305 | D:1      | 305 ||| Stepping ~*~*~tactically~*~*~ (stealth).
   306 | D:1      | 306 ||| Stepping ~*~*~tactically~*~*~ (stealth).
   307 | D:1      | 307 ||| Stepping ~*~*~tactically~*~*~ (stealth).
   450 | D:1      | Reached skill level 3 in Axes
   710 | D:1      | 710 ||| UPGRADING to +0 helmet.
   715 | D:1      | 715 ||| UPGRADING to +0 cloak.
   720 | D:1      | 720 ||| READING 2 scrolls labelled OBOATA IKLE.
   721 | D:1      | 721 ||| READING scroll of enchant weapon.
   721 | D:1      | 721 ||| ENCHANTING +1 war axe.
   722 | D:1      | 722 ||| READING scroll labelled AMUMOZ PI KEME.
   823 | D:1      | 823 ||| READING scroll labelled CUYGIH CAKHLE.
   824 | D:1      | 824 ||| READING scroll labelled IMEEN WALUPPO.
   827 | D:1      | 827 ||| READING scroll labelled KYHEUFFYMYPH.
   828 | D:1      | 828 ||| READING scroll labelled JEKHLO SEEW.
  1067 | D:2      | Reached XP level 3. HP: 23/23 MP: 3/3
  1367 | D:2      | 1367 ||| DRINKING 2 inky potions.
  1394 | D:3      | Reached XP level 4. HP: 22/28 MP: 4/4
  1407 | D:3      | Reached skill level 4 in Axes
  1428 | D:3      | 1428 ||| Stepping ~*~*~tactically~*~*~ (stealth).
  1429 | D:3      | 1429 ||| Stepping ~*~*~tactically~*~*~ (stealth).
  1459 | D:3      | 1459 ||| DRINKING potion of curing.
  1459 | D:3      | 1459 ||| (to cure confusion)
  1519 | D:3      | 1519 ||| DROPPING +0 mace.
  1543 | D:3      | Reached XP level 5. HP: 32/32 MP: 5/5
  1836 | D:3      | 1836 ||| Stepping ~*~*~tactically~*~*~ (hiding).
  1896 | D:3      | 1896 ||| Stepping ~*~*~tactically~*~*~ (stealth).
  1963 | D:3      | Found Ifeif's Jewellery Boutique.
  1973 | D:3      | 1973 ||| SHOPLISTING +5 ring of evasion (468 gold, have
                  | 223).
  1973 | D:3      | 1973 ||| SHOPLISTING ring of protection from fire (325
                  | gold, have 223).
  1973 | D:3      | 1973 ||| SHOPLISTING ring of resist corrosion (260 gold,
                  | have 223).
  2330 | D:3      | 2330 ||| DRINKING 2 orange potions.
  2331 | D:3      | 2331 ||| DRINKING 2 bubbling golden potions.
  2374 | D:4      | Reached skill level 5 in Axes
  2409 | D:4      | 2409 ||| Stepping ~*~*~tactically~*~*~ (stealth).
  2451 | D:4      | Reached XP level 6. HP: 30/38 MP: 6/6
  2560 | D:4      | Reached skill level 1 in Dodging
  2573 | D:4      | Noticed a sky beast
  2602 | D:4      | 2602 ||| FLEEEEING.
  2603 | D:4      | 2603 ||| FLEEEEING.
  2604 | D:4      | 2604 ||| FLEEEEING.
  2605 | D:4      | 2605 ||| FLEEEEING.
  2606 | D:4      | 2606 ||| FLEEEEING.
  2607 | D:4      | 2607 ||| FLEEEEING.
  2608 | D:4      | 2608 ||| FLEEEEING.
  2619 | D:4      | Killed a sky beast
  2787 | D:4      | Reached skill level 6 in Axes
  3077 | D:4      | Reached XP level 7. HP: 43/43 MP: 7/7
  3135 | D:4      | 3135 ||| READING 2 scrolls labelled KYONTU IKHLAOLO.
  3136 | D:4      | 3136 ||| DROPPING scroll of noise.
  3284 | D:4      | 3284 ||| UPGRADING to amulet of guardian spirit.
  3313 | D:5      | Entered Level 5 of the Dungeon
  3343 | D:5      | 3343 ||| Stepping ~*~*~tactically~*~*~ (hiding).
  3359 | D:5      | HP: 10/43 [gnoll/+0 flail[a gnoll bouda] (2)]
  3360 | D:5      | 3360 ||| READING scroll of teleportation.
  3362 | D:5      | Slain by a gnoll

Levels and vault maps discovered:
D:1:      giann_wishing_wells, layout_basic, minmay_tromino_i2
D:2:      layout_basic
D:3:      layout_loops_ring, serial_shops, nicolae_shop_statue_plus, minivault_5
D:4:      layout_loops_ring, minmay_strange_pillars, kennysheep_pointless_box
D:5:      layout_loops_corners, xom_redecorated, nicolae_overflow_crystal_walls

Skill      XL: |  1  2  3  4  5  6 |
---------------+-------------------+-----
Axes           | 2 3 4 5 6 |  6.3
Fighting       | 4 |  4.0
Dodging        | 1 |  1.0
Armour         | |  3.2
Shields        | |  3.2

Action                     |  1- 3 |  4- 6 |  7- 9 || total
---------------------------+-------+-------+-------++-------
  Melee: War axe           |    92 |   178 |    21 ||   291
    Use: Scroll            |     7 |       |     2 ||     9
         Potion            |     1 |     3 |       ||     4
 Armour: Scale mail        |    44 |   107 |    11 ||   162
  Dodge: Dodged            |    40 |    74 |    13 ||   127
  Block: Buckler           |    19 |    29 |     3 ||    51

Table legend:
 A = Non-vault XP
 B = Vault XP
 C = Vault XP percentage of total XP
 D = Non-vault monster count
 E = Vault monster count
 F = Vault count percentage of total count
                 A         B        C        D         E       F
            +---------+---------+-------+---------+---------+-------
      Total |     693 |       3 |   0.4 |      80 |       2 |   2.4
            +---------+---------+-------+---------+---------+-------
        D:1 |      27 |       3 |  10.0 |      19 |       2 |   9.5
        D:2 |      49 |       0 |   0.0 |      10 |       0 |   0.0
        D:3 |     128 |       0 |   0.0 |      22 |       0 |   0.0
        D:4 |     421 |       0 |   0.0 |      26 |       0 |   0.0
        D:5 |      68 |       0 |   0.0 |       3 |       0 |   0.0
            +---------+---------+-------+---------+---------+-------
